 Dungeon Crawl Stone Soup version 0.31-a0-1338-gb567cfdca4 (webtiles) character file.

Game seed: 6701711271805297876

179 IdlyInterested the Trooper (level 5, -9/41 HPs)
             Began as a Demonspawn Gladiator on Dec 21, 2023.
             Mangled by a gnoll
             ... wielding a +2 heavy halberd
              (18 damage)
             ... on level 4 of the Dungeon.
             The game lasted 00:08:20 (1970 turns).

IdlyInterested the Trooper (Demonspawn Gladiator)   Turns: 1970, Time: 00:08:21

Health: -9/41      AC:  8    Str: 16    XL:     5   Next: 32%
Magic:  5/5        EV:  7    Int:  9    God:
Gold:   120        SH:  5    Dex: 14    Spells: 4/4 levels left

rFire   . . .        g - +3 long sword (protect)
rCold   . . .        z - +1 buckler
rNeg    . . .        w - +0 chain mail
rPois   .            (helmet currently unavailable)
rElec   .            (cloak currently unavailable)
rCorr   .            (gloves currently unavailable)
SInv    .            e - melded +0 pair of boots
Will    .....        (no amulet) Stlth
                     (no ring)
HPRegen 0.26/turn    (no ring)
MPRegen 0.09/turn

%: no passive effects
@: beast-form
A: beast (slay +1), horns 1, demonic guardian 1, demonic magic 1
a: Begin Untransformation


You were on level 4 of the Dungeon.
You were a hulking beast.
You visited 1 branch of the dungeon, and saw 4 of its levels.

You collected 120 gold pieces.

Inventory:

Hand Weapons
 g - a +3 long sword of protection (weapon)
 h - a +0 short sword
 s - a +0 rapier
 D - a +1 dagger of pain
Missiles
 c - 3 throwing nets
 d - a javelin
 m - 29 stones (quivered)
 p - 8 poisoned darts
Armour
 a - a +0 leather armour
 e - a +0 pair of boots (melded)
 r - a +0 scale mail
 w - a +0 chain mail (worn)
 x - a +0 ring mail
 z - a +1 buckler (worn)
Talismans
 o - a beast talisman (active)
 q - a blade talisman
 F - a flux talisman
Wands
 u - a wand of iceblast (7)
Scrolls
 j - a scroll of identify {unknown}
 k - a scroll of teleportation {unknown}
 l - 2 scrolls of silence
 n - a scroll of enchant armour
 t - a scroll of amnesia
 y - a scroll of revelation {unknown}
 B - a scroll of enchant weapon {unknown}
 C - a scroll of acquirement {unknown}
Potions
 b - a potion of haste {unknown}
 f - a potion of ambrosia {unknown}
 i - 2 potions of attraction
 v - a potion of degeneration {unknown}
 A - a potion of curing {unknown}
 E - a potion of brilliance {unknown}


   Skills:
 + Level 3.0 Fighting
 - Level 1.7 Throwing
 - Level 1.0 Armour
 - Level 2.6 Dodging
 - Level 1.0 Stealth
 - Level 1.0 Shields
 - Level 2.6 Unarmed Combat
 - Level 1.0 Evocations
 * Level 2.9 Shapeshifting


You had 4 spell levels left.
You didn't know any spells.
Your spell library contained the following spells:

 Spells                   Type           Power      Damage    Failure   Level
 Conjure Ball Lightning   Conj/Air       0%         3x3d6     100%        6
 Discord                  Hex            0%         N/A       100%        8
 Disjunction              Tloc           0%         N/A       100%        8


Dungeon Overview and Level Annotations

Branches:
Dungeon (4/15)
 Temple: D:4-7

Altars:
Kikubaaqudgha

Annotations:
D:4 Eustachio


Innate Abilities, Weirdness & Mutations

You are a hulking beast.
Your limbs bulge with bestial killing power. (Slay +1)
You have a pair of small horns on your head.
A weak demonic guardian rushes to your aid.
Spells you cast may paralyse adjacent enemies.


Message History

The gnoll hits you but does no damage.
The gnoll hits you from afar with a +2 heavy halberd!
You block Eustachio's attack. The gnoll barely misses you.
You block the quokka's attack.
Your quasit completely misses Eustachio.
Your quasit claws Eustachio. x2; The gnoll misses your quasit.
Eustachio closely misses you. The gnoll hits you but does no damage.
The gnoll closely misses you. The quokka barely misses you.
You hit Eustachio.
Eustachio is severely wounded.
Your quasit bites Eustachio.
Your quasit misses Eustachio.
Your quasit closely misses Eustachio.
The gnoll hits you from afar with a +2 heavy halberd.
You block the quokka's attack. You block the gnoll's attack.
The gnoll barely misses you. The gnoll closely misses your quasit.
Eustachio completely misses your quasit.
Your quasit barely misses Eustachio.
Your quasit completely misses Eustachio.
Your quasit misses Eustachio. You barely miss Eustachio.
Eustachio is severely wounded.
Your quasit barely misses Eustachio. x2
Your quasit completely misses Eustachio.
The quokka bites you.
* * * LOW HITPOINT WARNING * * *
The gnoll hits you but does no damage. You block the gnoll's attack.
The gnoll hits your quasit with a +1 flail of holy wrath!
Your quasit dies!
Your quasit disappears in a puff of smoke!
The gnoll closely misses you. You block Eustachio's attack.
The quokka bites you but does no damage.
Eustachio hits you with a +0 rapier.
* * * LOW HITPOINT WARNING * * *
The gnoll closely misses you. The gnoll hits you but does no damage.
Eustachio attacks as he pursues you! Eustachio hits you but does no damage.
The gnoll attacks as it pursues you! You block the gnoll's attack.
The quokka attacks as it pursues you! You block the quokka's attack.
The gnoll attacks as it pursues you!
The gnoll hits you from afar with a +2 heavy halberd!!
You die...

.....#...###...###.....
#.........8.........
###...###...###.....
#..## +#.#+ ##.... #.##
#.# ##... #.# #.# #...
#.# ... #... # #
#.####.... #...
#.#.####h................
........r..####. #......
###....g@g.# #.#####
#......g.# . #
........g..# #
.....#.....# #
...#.#.....# # ...#
#....... .. ....#....


You could see Eustachio, 4 gnolls and a quokka.

Vanquished Creatures
  An orc priest (D:3)
  8 adders
  3 worms
  2 dart slugs (D:1)
  3 orcs (D:3)
  2 endoplasms
  A giant cockroach (D:2)
  5 goblins
  4 hobgoblins
  3 jackals (D:2)
  6 quokkas
  2 ball pythons
  6 bats
  5 frilled lizards
  12 kobolds
  3 rats
66 creatures vanquished.

Notes
Turn   | Place    | Note
-------+----------+-------------------------------------------
     0 | D:1      | IdlyInterested the Demonspawn Gladiator began the quest for
                  | the Orb.
     0 | D:1      | Reached XP level 1. HP: 16/16 MP: 1/1
    85 | D:1      | Reached skill level 1 in Armour
   157 | D:1      | Reached skill level 1 in Stealth
   157 | D:1      | Gained mutation: A weak demonic guardian rushes to your
                  | aid. [demonic ancestry]
   157 | D:1      | Reached XP level 2. HP: 17/22 MP: 2/2
   294 | D:1      | Reached skill level 1 in Evocations
   519 | D:1      | Reached skill level 1 in Shapeshifting
   670 | D:1      | Found a faded altar of an unknown god.
   695 | D:2      | Found an ancient bone altar of Kikubaaqudgha.
   704 | D:2      | Discovered your monstrous ancestry.
   704 | D:2      | Gained mutation: You have a pair of small horns on your
                  | head. [demonic ancestry]
   704 | D:2      | Reached XP level 3. HP: 24/27 MP: 3/3
   751 | D:2      | Reached skill level 1 in Shields
   915 | D:2      | Reached XP level 4. HP: 33/33 MP: 4/4
  1601 | D:3      | Gained mutation: Spells you cast may paralyse adjacent
                  | enemies. [demonic ancestry]
  1601 | D:3      | Reached XP level 5. HP: 35/40 MP: 5/5
  1654 | D:3      | Reached skill level 3 in Fighting
  1955 | D:4      | Noticed Eustachio
  1970 | D:4      | Mangled by a gnoll

Illustrated notes

Levels and vault maps discovered:
D:1:      dpeg_arrival_pond, layout_basic,
          shapermc_ecumenical_altar_mp_urbaneastern, st_stairs_9
D:2:      layout_loops_ring, basic_altar, kennysheep_pointless_box
D:3:      layout_basic
D:4:      cheibrodos_barr_body, layout_basic, temple_doors_ab,
          wad_floor_pattern_untrapped, uniq_natasha, uniq_eustachio

Skill      XL: |  1  2  3  4  5 |
---------------+----------------+-----
Armour         | 1 |  1.0
Stealth        | 1 |  1.0
Evocations     | 1 |  1.0
Shapeshifting  | 1 2 |  2.9
Shields        | 1 |  1.0
Fighting       | 3 |  3.0
Throwing       | |  1.7
Dodging        | |  2.6
Unarmed Combat | |  2.6

Action                     |  1- 3 |  4- 6 || total
---------------------------+-------+-------++-------
  Melee: Unarmed           |    19 |       ||    19
         Long sword        |    68 |    73 ||   141
         Punch             |     1 |       ||     1
         Headbutt          |     6 |    12 ||    18
  Throw: Stone             |     2 |     7 ||     9
    Use: Scroll            |     1 |     2 ||     3
         Potion            |     1 |       ||     1
 Armour: Leather armour    |    41 |       ||    41
         Scale mail        |    20 |       ||    20
         Chain mail        |       |    60 ||    60
  Dodge: Dodged            |    44 |    33 ||    77
  Block: Buckler           |       |    27 ||    27
   Form: Beast             |     1 |       ||     1

Table legend: (Time is in decaauts)
 A = Elapsed time spent in this place.
 B = Non-inter-level travel time spent in this place.
 C = Inter-level travel time spent in this place.
 D = Time resting spent in this place.
 E = Time spent auto-exploring this place.
 F = Levels seen in this place.
 G = Mean time per level.
                   A        B        C        D        E       F      G
               +--------+--------+--------+--------+--------+-----+--------+
         Total |   2028 |   1882 |    146 |     23 |   1143 |   4 |  507.0 |
       Dungeon |   2028 |   1882 |    146 |     23 |   1143 |   4 |  507.0 |
               +--------+--------+--------+--------+--------+-----+--------+

Top non-repeatable levels by time:
     D:1: 711 daAuts
     D:2: 707 daAuts
     D:3: 544 daAuts
     D:4: 64 daAuts
